AoeStats
← ChristopheG1970.Fr

Pilgrims

509673329Analyzed
4v4 RM · 5d ago on Sep 27, 2026· 46m 59s· 8 players
Game mode
Random Map
Map size
Large (8 player)
Population
200
Speed
Normal
Resources
Standard
Victory
Conquest
Starting age
Dark Age
Ending age
Imperial Age
RankedLock teamsTeams togetherTeam positionsShared explorationLock speedFull tech treeHidden civsTurbo modeCheats
Victory
Defeat
🇫🇷 Italians · France
767
+10
🇪🇸 Vikings · Spain
740
+11
🇦🇺 Franks · Australia
610
+16
🇲🇽 Varangians · Mexico
524
+19
🇮🇹 Byzantines · Italy
678
-17
🇮🇹 Japanese · Italy
619
-14
🇮🇹 Huns · Italy
602
-13
🇮🇹 Vietnamese · Italy
578
-12
JuanRamos117
10:33 Feudal Age
13:10 Bloodlines
23:40 Castle Age
24:38 Scale Barding Armor
24:36 Padded Archer Armor
24:37 Scale Mail Armor
24:56 Crossbowman
27:44 Light Cavalry
36:24 Imperial Age
35:21 Murder Holes
36:44 Chain Barding Armor
36:40 Leather Archer Armor
TurulloMix
6:11 Loom
13:15 Feudal Age
14:44 Double-Bit Axe
15:53 Fishing Lines
20:21 Forging
23:47 Stone Mining
26:05 Castle Age
26:02 Gold Mining
27:30 Bow Saw
27:38 Gillnets
30:30 Imperial Age
28:31 Ballistics
30:34 Iron Casting
29:50 Fletching
32:34 Blast Furnace
30:57 Elite Varangian Guard
31:38 Squires
34:39 Two-Man Saw
34:03 Bodkin Arrow
34:18 Siege Engineers
34:15 Scale Mail Armor
34:25 Arson
37:50 Elite Longship
43:48 Chain Mail Armor
ChristopheG1970.Fr
3:22 Loom
6:49 Feudal Age
7:24 Double-Bit Axe
10:09 Town Watch
10:28 Fishing Lines
12:45 Wheelbarrow
19:29 Castle Age
18:03 Fletching
18:37 Padded Archer Armor
18:59 Stone Mining
20:00 Gold Mining
21:50 Bow Saw
23:56 Gillnets
26:19 Bodkin Arrow
26:54 Leather Archer Armor
28:04 Fervor
28:34 Gold Mining
35:14 Imperial Age
33:02 Hand Cart
35:54 Elite Genoese Crossbowman
38:39 Illumination
38:20 Bracer
39:37 Two-Man Saw
39:50 Thumb Ring
40:11 Redemption
42:46 Chemistry
42:07 Ballistics
42:23 Ring Archer Armor
43:42 Sanctity
47:31 Conscription
Brown Sugar
markafc13
9:20 Loom
18:46 Feudal Age
19:18 Double-Bit Axe
19:27 Gold Mining
19:28 Stone Mining
19:25 Horse Collar
19:31 Fishing Lines
22:44 Wheelbarrow
25:48 Arson
29:13 Castle Age
29:22 Pikeman
30:03 Squires
30:12 Thumb Ring
Gelor91
5:44 Loom
13:42 Feudal Age
14:10 Double-Bit Axe
15:51 Fishing Lines
22:35 Scale Mail Armor
22:59 Horse Collar
29:02 Castle Age
27:48 Fletching
28:00 Padded Archer Armor
28:13 Forging
31:10 Bow Saw
31:06 Heavy Plow
31:52 Gillnets
32:24 Husbandry
31:56 Pikeman
32:36 Squires
32:46 Thumb Ring
32:02 Crossbowman
34:52 Bodkin Arrow
35:13 Leather Archer Armor
38:44 Imperial Age
37:08 Medium Warships
37:12 Gold Mining
37:13 Stone Mining
41:46 Conscription
42:15 Heavy Warships
44:02 Two-Man Saw
43:47 Gold Shaft Mining
43:35 Arson
43:36 Gambesons
44:04 Bracer
45:02 Treadmill Crane
45:09 Arrowslits
46:29 Wheelbarrow
46:37 Conscription
ArSeNiO
10:05 Loom
14:37 Feudal Age
23:18 Castle Age
29:52 Wheelbarrow
30:38 Horse Collar
35:55 Marauders
38:10 Hand Cart
43:58 Heavy Plow
47:04 Imperial Age
47:20 Scale Barding Armor
metalmax
7:30 Loom
15:21 Feudal Age
16:17 Fishing Lines
21:19 Castle Age
21:38 Wheelbarrow
29:06 Horse Collar
30:52 Scale Mail Armor
30:52 Gillnets
35:42 Gold Mining
37:14 Elite Skirmisher
38:11 Forging
38:59 Chain Mail Armor
42:39 Iron Casting
Connection lost

Rejoining the realm…

Still unreachable

The connection could not be restored.

Session expired

The server has moved on; the page needs a fresh start.